AoeStats
← DeathPanther

Nomad

508150637Analyzed
4v4 RM · 12d ago on Sep 21, 2026· 75m 25s· 8 players
Game mode
Random Map
Map size
231×231
Population
200
Speed
Normal
Resources
Standard
Victory
Conquest
Starting age
Dark Age
Ending age
Imperial Age
RankedLock teamsTeams togetherTeam positionsShared explorationLock speedFull tech treeHidden civsTurbo modeCheats
Victory
Defeat
🇦🇷 Huns · Argentina
950
+15
🇨🇱 Goths · Chile
920
+17
🇦🇷 Franks · Argentina
912
+17
🇦🇷 Portuguese · Argentina
905
+17
🇦🇷 Franks · Argentina
984
-18
🇲🇽 Franks · Mexico
971
-18
🇹🇼 Khmer · Taiwan
925
-16
🇸🇪 Saracens · Sweden
862
-14
sebaspuertas
12:12 Loom
21:11 Feudal Age
22:26 Town Watch
24:23 Fishing Lines
27:56 Castle Age
29:03 Stone Mining
29:02 Double-Bit Axe
29:40 Town Patrol
34:49 Squires
42:03 Wheelbarrow
47:19 Husbandry
47:41 Forging
47:38 Scale Barding Armor
58:46 Iron Casting
58:13 Scale Mail Armor
59:11 Bow Saw
60:00 Hand Cart
60:01 Pikeman
65:07 Chain Barding Armor
65:02 Chain Mail Armor
71:48 Gold Mining
davidAOE
16:40 Feudal Age
17:23 Double-Bit Axe
18:22 Gold Mining
18:58 Loom
21:43 Castle Age
20:59 Stone Mining
26:47 Gold Shaft Mining
26:48 Husbandry
26:59 Bloodlines
26:42 Fishing Lines
30:04 Wheelbarrow
43:01 Marauders
43:59 Forging
55:42 Town Watch
56:13 Hand Cart
61:29 Imperial Age
59:11 Horse Collar
60:25 Scale Barding Armor
60:56 Iron Casting
60:29 Heavy Plow
62:08 Elite Tarkan
66:10 Chain Barding Armor
66:26 Iron Casting
68:24 Plate Barding Armor
74:19 Blast Furnace
Nack18 CL
3:06 Loom
14:27 Feudal Age
14:35 Man-at-Arms
23:59 Castle Age
24:28 Pikeman
29:34 Forging
31:34 Iron Casting
35:03 Scale Mail Armor
35:46 Wheelbarrow
36:36 Double-Bit Axe
37:14 Chain Mail Armor
38:14 Anarchy
52:35 Imperial Age
54:36 Blast Furnace
55:55 Bow Saw
56:15 Halberdier
58:29 Onager
70:21 Elite Huskarl
71:25 Conscription
71:06 Perfusion
GordoBasofia
3:53 Loom
16:36 Feudal Age
20:46 Double-Bit Axe
24:12 Castle Age
28:13 Wheelbarrow
31:40 Fletching
37:26 Imperial Age
38:09 Hand Cart
39:46 Town Watch
40:15 Bow Saw
42:17 Elite Organ Gun
44:08 Chemistry
53:49 Arquebus
57:18 Arquebus
57:05 Light Cavalry
DeathPanther
5:31 Loom
14:52 Feudal Age
22:52 Castle Age
21:23 Scale Barding Armor
42:24 Wheelbarrow
42:08 Double-Bit Axe
43:59 #83
51:36 Imperial Age
Wirsh
3:26 Loom
18:37 Feudal Age
20:29 Wheelbarrow
春元胯下巨蟒
4:45 Loom
14:38 Feudal Age
19:25 Scale Barding Armor
20:09 Forging
24:57 Castle Age
26:14 Bloodlines
25:24 Light Cavalry
27:00 Wheelbarrow
26:15 Pikeman
28:48 Iron Casting
29:11 Double-Bit Axe
29:45 Hand Cart
30:32 Scale Mail Armor
32:18 Chain Barding Armor
34:57 Bow Saw
34:50 Horse Collar
40:23 Imperial Age
39:56 Gold Mining
39:57 Stone Mining
42:01 Conscription
42:19 Gold Shaft Mining
42:20 Stone Shaft Mining
41:49 Heavy Plow
47:14 Devotion
48:40 Elite Ballista Elephant
50:32 Double Crossbow
51:39 Chemistry
51:00 Ballistics
52:17 Plate Barding Armor
51:42 Padded Archer Armor
51:14 Hussar
52:10 Chain Mail Armor
54:43 Blast Furnace
54:42 Leather Archer Armor
63:26 Ring Archer Armor
63:43 Husbandry
El Lobizon Chinchu
4:02 Loom
17:58 Feudal Age
18:01 Man-at-Arms
23:11 Double-Bit Axe
23:43 Forging
24:14 Scale Mail Armor
27:42 Castle Age
27:00 Stone Mining
27:34 Gold Mining
30:05 Fishing Lines
34:43 Imperial Age
31:52 Pikeman
33:34 Husbandry
37:16 Conscription
37:40 Squires
37:26 Halberdier
43:44 Cavalier
45:41 Wheelbarrow
55:03 Hand Cart
62:20 Paladin
66:22 Scale Barding Armor
70:16 Gold Shaft Mining
76:00 Iron Casting
75:46 Chain Barding Armor
Connection lost

Rejoining the realm…

Still unreachable

The connection could not be restored.

Session expired

The server has moved on; the page needs a fresh start.